[ AOE2 MATCH · #504645456 ]
UnrankedPersians vs Celts
Player's team · LOSS
Rival team · WIN
[ REPLAY ANALYSIS · EXTRACTED FROM THE RECORDED GAME ]
Feudal
14:52
Castle
—
Imperial
—
| APM avg | 47.5 |
| APM peak | 134 |
| eAPM avg | 15.6 |
| Villagers / military | 79 / 0 |
Focus
⚔️ 14.6% · 🌾 85.4%
Feudal
9:28
Castle
35:10
Imperial
—
| APM avg | 37.6 |
| APM peak | 94 |
| eAPM avg | 15.4 |
| Villagers / military | 42 / 25 |
Focus
⚔️ 23.9% · 🌾 76.1%
Archer ×17 · Spearman ×6 · Skirmisher ×2
Match map
Initial resources + every placement click. Lines = walls · curves = elevation contours. ◆ gold · ⬟ stone · ● berries · ✦ relic · ◌ wall gap
Your base· Open — unwalled flank
Maech_'s base· Open — 4t gap
Smoothed initial terrain · ◌ = detected wall gap · hover for details
Inputs per minute
— apyrupa_Veloz - - Maech_
Build order — apyrupa_Veloz
113 actions detected in the replay
| 0:11 | Queue | Villager (Male) |
| 0:11 | Queue | Villager (Male) |
| 0:11 | Queue | Villager (Male) |
| 0:12 | Queue | Villager (Male) |
| 0:12 | Queue | Villager (Male) |
| 0:14 | Build | House |
| 0:16 | Build | House |
| 1:36 | Queue | Villager (Male) |
| 2:03 | Queue | Villager (Male) |
| 3:10 | Queue | Villager (Male) |
| 3:10 | Queue | Villager (Male) |
| 3:11 | Queue | Villager (Male) |
| 3:11 | Queue | Villager (Male) |
| 3:40 | Queue | Villager (Male) |
| 3:40 | Queue | Villager (Male) |
| 3:53 | Build | Lumber Camp |
| 4:03 | Queue | Villager (Male) |
| 4:04 | Queue | Villager (Male) |
| 4:10 | Queue | Villager (Male) |
| 4:10 | Queue | Villager (Male) |
| 4:17 | Build | House |
| 4:55 | Build | House |
| 4:58 | Queue | Villager (Male) |
| 5:54 | Queue | Villager (Male) |
| 5:54 | Queue | Villager (Male) |
| 6:15 | Queue | Villager (Male) |
| 6:16 | Queue | Villager (Male) |
| 6:16 | Queue | Villager (Male) |
| 6:16 | Queue | Villager (Male) |
| 7:17 | Queue | Villager (Male) |
| 7:18 | Queue | Villager (Male) |
| 7:18 | Queue | Villager (Male) |
| 7:23 | Research | Loom |
| 8:23 | Queue | Villager (Male) |
| 8:23 | Queue | Villager (Male) |
| 9:03 | Build | Town Center |
| 9:21 | Build | Mill |
| 9:57 | Queue | Villager (Male) |
| 9:57 | Queue | Villager (Male) |
| 9:58 | Queue | Villager (Male) |
| 10:44 | Queue | Villager (Male) |
| 10:45 | Queue | Villager (Male) |
| 10:45 | Queue | Villager (Male) |
| 10:46 | Queue | Villager (Male) |
| 10:46 | Queue | Villager (Male) |
| 10:46 | Queue | Villager (Male) |
| 10:50 | Build | House |
| 10:55 | Build | House |
| 10:57 | Build | House |
| 11:20 | Queue | Villager (Male) |
| 11:20 | Queue | Villager (Male) |
| 11:21 | Queue | Villager (Male) |
| 11:21 | Queue | Villager (Male) |
| 11:21 | Queue | Villager (Male) |
| 11:21 | Queue | Villager (Male) |
| 11:30 | Queue | Villager (Male) |
| 11:30 | Queue | Villager (Male) |
| 11:30 | Queue | Villager (Male) |
| 11:58 | Queue | Villager (Male) |
| 12:41 | Research | Feudal Age |
| 13:37 | Build | Palisade Wall |
| 13:39 | Build | Palisade Wall |
| 13:52 | Build | Palisade Wall |
| 14:09 | Queue | Villager (Male) |
| 14:39 | Queue | Villager (Male) |
| 14:52 | Build | Mining Camp |
| 14:52 | Age | Feudal Age |
| 14:57 | Build | Mill |
| 14:59 | Queue | Villager (Male) |
| 14:59 | Queue | Villager (Male) |
| 16:50 | Build | Market |
| 17:11 | Build | Watch Tower |
| 17:16 | Queue | Villager (Male) |
| 17:25 | Research | Double-Bit Axe |
| 18:57 | Queue | Villager (Male) |
| 18:58 | Queue | Villager (Male) |
| 18:58 | Queue | Villager (Male) |
| 18:58 | Queue | Villager (Male) |
| 18:58 | Queue | Villager (Male) |
| 19:01 | Queue | Villager (Male) |
| 19:02 | Queue | Villager (Male) |
| 19:03 | Queue | Villager (Male) |
| 19:16 | Build | Watch Tower |
| 20:06 | Build | Blacksmith |
| 20:43 | Build | Watch Tower |
| 21:30 | Research | Fletching |
| 22:08 | Queue | Villager (Male) |
| 22:08 | Queue | Villager (Male) |
| 22:08 | Queue | Villager (Male) |
| 22:27 | Build | Watch Tower |
| 23:20 | Queue | Villager (Male) |
| 24:00 | Queue | Villager (Male) |
| 24:00 | Queue | Villager (Male) |
| 24:00 | Queue | Villager (Male) |
| 24:22 | Queue | Villager (Male) |
| 24:23 | Queue | Villager (Male) |
| 24:23 | Queue | Villager (Male) |
| 25:55 | Queue | Villager (Male) |
| 25:56 | Queue | Villager (Male) |
| 27:09 | Queue | Villager (Male) |
| 27:11 | Queue | Villager (Male) |
| 27:11 | Queue | Villager (Male) |
| 27:32 | Queue | Villager (Male) |
| 27:54 | Build | Watch Tower |
| 28:12 | Queue | Villager (Male) |
| 28:12 | Queue | Villager (Male) |
| 29:22 | Build | Market |
| 30:22 | Build | Watch Tower |
| 30:59 | Build | Watch Tower |
| 31:22 | Build | Watch Tower |
| 32:29 | Build | Mining Camp |
| 32:45 | Build | Watch Tower |
| 34:27 | Build | Watch Tower |
Build order — Maech_
139 actions detected in the replay
| 0:01 | Queue | Villager (Male) |
| 0:02 | Queue | Villager (Male) |
| 0:02 | Build | House |
| 0:05 | Build | House |
| 0:23 | Queue | Villager (Male) |
| 1:00 | Queue | Villager (Male) |
| 1:00 | Queue | Villager (Male) |
| 1:26 | Queue | Villager (Male) |
| 1:46 | Build | Lumber Camp |
| 1:55 | Queue | Villager (Male) |
| 2:28 | Queue | Villager (Male) |
| 2:28 | Queue | Villager (Male) |
| 2:55 | Queue | Villager (Male) |
| 3:04 | Build | House |
| 3:20 | Queue | Villager (Male) |
| 3:37 | Queue | Villager (Male) |
| 3:54 | Build | Mill |
| 4:02 | Queue | Villager (Male) |
| 4:02 | Queue | Villager (Male) |
| 4:25 | Queue | Villager (Male) |
| 4:29 | Queue | Villager (Male) |
| 5:12 | Queue | Villager (Male) |
| 5:31 | Queue | Villager (Male) |
| 5:31 | Queue | Villager (Male) |
| 5:58 | Research | Loom |
| 6:50 | Queue | Villager (Male) |
| 7:18 | Research | Feudal Age |
| 7:18 | Research | Feudal Age |
| 7:26 | Build | Barracks |
| 8:08 | Build | Mining Camp |
| 8:28 | Build | House |
| 9:05 | Queue | Villager (Male) |
| 9:05 | Queue | Villager (Male) |
| 9:28 | Age | Feudal Age |
| 9:35 | Build | Archery Range |
| 9:44 | Queue | Villager (Male) |
| 10:01 | Queue | Villager (Male) |
| 10:04 | Build | Mining Camp |
| 10:35 | Queue | Archer |
| 10:43 | Build | House |
| 10:43 | Queue | Villager (Male) |
| 11:06 | Queue | Spearman |
| 11:20 | Queue | Villager (Male) |
| 11:20 | Queue | Villager (Male) |
| 11:26 | Queue | Archer |
| 11:50 | Queue | Archer |
| 11:56 | Build | Blacksmith |
| 12:25 | Queue | Skirmisher |
| 12:36 | Build | House |
| 12:41 | Build | House |
| 12:47 | Build | Mining Camp |
| 12:57 | Queue | Skirmisher |
| 13:04 | Build | Lumber Camp |
| 14:04 | Queue | Archer |
| 14:07 | Build | Watch Tower |
| 14:17 | Research | Fletching |
| 14:17 | Research | Fletching |
| 14:27 | Build | House |
| 15:13 | Build | Watch Tower |
| 15:16 | Queue | Archer |
| 15:16 | Queue | Archer |
| 15:22 | Build | House |
| 15:34 | Queue | Archer |
| 15:34 | Queue | Archer |
| 16:16 | Build | Watch Tower |
| 16:21 | Queue | Archer |
| 16:21 | Queue | Archer |
| 16:29 | Queue | Spearman |
| 16:29 | Queue | Spearman |
| 16:29 | Queue | Spearman |
| 16:55 | Research | Double-Bit Axe |
| 16:55 | Research | Double-Bit Axe |
| 17:56 | Build | Watch Tower |
| 18:12 | Queue | Archer |
| 18:12 | Queue | Archer |
| 18:57 | Build | Watch Tower |
| 19:19 | Build | Watch Tower |
| 20:03 | Build | Watch Tower |
| 20:30 | Build | Town Center |
| 20:50 | Build | Watch Tower |
| 21:08 | Build | Watch Tower |
| 21:28 | Queue | Archer |
| 21:28 | Queue | Archer |
| 21:28 | Queue | Archer |
| 22:37 | Queue | Villager (Male) |
| 22:37 | Queue | Villager (Male) |
| 22:43 | Build | Watch Tower |
| 23:22 | Build | Mining Camp |
| 23:36 | Build | Palisade Wall |
| 23:40 | Build | Palisade Wall |
| 23:41 | Build | Palisade Wall |
| 23:51 | Build | Lumber Camp |
| 24:05 | Build | House |
| 24:08 | Build | House |
| 24:10 | Build | Palisade Wall |
| 24:53 | Queue | Archer |
| 24:54 | Queue | Archer |
| 25:57 | Build | Market |
| 26:02 | Build | Farm |
| 26:20 | Build | Watch Tower |
| 26:31 | Build | Farm |
| 26:31 | Build | Farm |
| 26:31 | Build | Farm |
| 26:31 | Build | Farm |
| 26:32 | Build | Farm |
| 26:39 | Queue | Villager (Male) |
| 26:40 | Queue | Villager (Male) |
| 26:40 | Queue | Villager (Male) |
| 26:41 | Queue | Villager (Male) |
| 26:48 | Queue | Spearman |
| 26:49 | Queue | Spearman |
| 26:58 | Build | Watch Tower |
| 27:03 | Build | House |
| 27:06 | Build | House |
| 27:08 | Build | House |
| 27:12 | Build | House |
| 28:27 | Queue | Villager (Male) |
| 28:28 | Queue | Villager (Male) |
| 28:28 | Queue | Villager (Male) |
| 28:32 | Queue | Villager (Male) |
| 28:32 | Queue | Villager (Male) |
| 28:55 | Build | Watch Tower |
| 29:05 | Queue | Villager (Male) |
| 29:05 | Queue | Villager (Male) |
| 29:18 | Build | Farm |
| 29:18 | Build | Farm |
| 29:18 | Build | Farm |
| 29:45 | Build | Watch Tower |
| 30:46 | Build | Lumber Camp |
| 31:11 | Build | House |
| 31:28 | Build | Watch Tower |
| 32:30 | Research | Castle Age |
| 32:30 | Research | Castle Age |
| 32:50 | Build | Watch Tower |
| 35:09 | Build | Farm |
| 35:10 | Age | Castle Age |
| 35:20 | Build | Siege Workshop |
| 35:22 | Queue | Villager (Male) |
| 35:23 | Queue | Villager (Male) |
Match timeline
| 7:26 | Maech_ · first_building Barracks |
| 9:28 | Maech_ · age_up feudal |
| 9:35 | Maech_ · first_building Archery Range |
| 13:37 | apyrupa_Veloz · wall_segment Palisade Wall x4 |
| 13:39 | apyrupa_Veloz · wall_segment Palisade Wall x5 |
| 13:52 | apyrupa_Veloz · wall_segment Palisade Wall x3 |
| 14:52 | apyrupa_Veloz · age_up feudal |
| 23:36 | Maech_ · wall_segment Palisade Wall x1 |
| 23:40 | Maech_ · wall_segment Palisade Wall x1 |
| 23:41 | Maech_ · wall_segment Palisade Wall x1 |
| 24:10 | Maech_ · wall_segment Palisade Wall x1 |
| 26:38 | Maech_ · first_market_buy 100 food |
| 30:58 | Maech_ · first_market_sell 100 wood |
| 35:10 | Maech_ · age_up castle |
| 35:20 | Maech_ · first_building Siege Workshop |
| 35:28 | apyrupa_Veloz · resign |
[ AI ANALYSIS · 1 CREDIT ]
What really happened in this match?
Wolo.gg analyzes every decision: build order, eco, micro, common mistakes by bracket. Personalized analysis on WhatsApp or Discord in 30 seconds.
Civ guide
Persians
Perfil
Jugador #2090969